 Dungeon Crawl Stone Soup version 0.27.1 (webtiles) character file.

Game seed: 8533327170490690080

7253 Rickety the Blocker (level 11, -10/89 HPs)
             Began as a Gnoll Fighter on Aug 27, 2021.
             Was a Priest of Cheibriados.
             Mangled by a skeletal warrior (17 damage)
             ... on level 7 of the Dungeon.
             The game lasted 00:31:21 (11168 turns).

Rickety the Blocker (Gnoll Fighter)                Turns: 11168, Time: 00:31:21

Health: -10/89     AC: 14    Str: 27    XL:     11   Next: 12%
Magic:  26/29      EV: 14    Int: 16    God:    Cheibriados [***...]
Gold:   376        SH: 18    Dex: 19    Spells: 22/22 levels left

rFire    . . .     SeeInvis .   b - +0 flail (holy)
rCold    . . .     Faith    .   E - +0 kite shield
rNeg     . . .     Spirit   .   l - +0 steam dragon scales
rPois    .         Reflect  +   i - +1 helmet
rElec    .         Harm     .   M - +2 cloak
rCorr    .         Rampage  .   (no gloves)
Will     .....                  K - +0 pair of boots
Stlth    +++.......             y - amulet of reflection
HPRegen  0.24/turn              t - ring of magical power
MPRegen  0.21/turn              (no ring)

@: very slow
A: fangs 1, strong nose, distributed training
a: Renounce Religion, Bend Time, Temporal Distortion


You were on level 7 of the Dungeon.
You worshipped Cheibriados.
Cheibriados was most pleased with you.
You visited 2 branches of the dungeon, and saw 9 of its levels.
You also visited: Ossuary.

You collected 376 gold pieces.

Inventory:

Hand Weapons
 a - a +0 whip of venom
 b - a +0 flail of holy wrath (weapon)
 c - a +4 hand axe of flaming
 e - a +2 dagger of protection
 z - a +0 antimagic falchion
 D - a +1 flail of protection
 F - a +0 shortbow
Missiles
 d - 2 boomerangs of dispersal
 h - 329 stones (quivered)
 k - 12 boomerangs
 m - a curare-tipped dart
 A - 25 poisoned darts
 G - 192 arrows
Armour
 i - a +1 helmet (worn)
 l - +0 steam dragon scales (worn)
 E - a +0 kite shield (worn)
 K - a +0 pair of boots (worn)
 M - a +2 cloak (worn)
Jewellery
 o - an amulet of the acrobat
 t - a ring of magical power (left hand)
 y - an amulet of reflection (around neck)
Wands
 n - a wand of flame (8)
 q - a wand of iceblast (4)
Scrolls
 j - a scroll of magic mapping
 s - 2 scrolls of teleportation
 I - a scroll of amnesia
 N - a scroll of torment
Potions
 f - a potion of attraction {unknown}
 g - a potion of lignification {unknown}
 p - 3 potions of invisibility
 r - 4 potions of curing
 w - 2 potions of brilliance {unknown}
 x - a potion of mutation {unknown}


   Skills:
 + Level 9.0 Fighting
 + Level 6.0 Short Blades
 + Level 6.0 Long Blades
 + Level 6.0 Axes
 + Level 7.6 Maces & Flails
 + Level 6.0 Polearms
 + Level 6.0 Staves
 + Level 6.0 Slings
 + Level 6.0 Bows
 + Level 6.0 Crossbows
 + Level 6.0 Throwing
 + Level 9.0 Armour
 + Level 6.0 Dodging
 + Level 6.0 Stealth
 + Level 9.0 Shields
 + Level 6.0 Unarmed Combat
 + Level 6.0 Spellcasting
 + Level 4.9 Conjurations
 + Level 4.9 Hexes
 + Level 4.9 Summonings
 + Level 4.9 Necromancy
 + Level 4.9 Translocations
 + Level 4.9 Transmutations
 + Level 4.9 Fire Magic
 + Level 4.9 Ice Magic
 + Level 4.9 Air Magic
 + Level 4.9 Earth Magic
 + Level 4.9 Poison Magic
 + Level 6.5 Invocations
 + Level 6.0 Evocations


You had 22 spell levels left.
You didn't know any spells.
Your spell library contained the following spells:

 Spells                   Type           Power      Damage    Failure   Level
 Foxfire                  Conj/Fire      80%        2x1d8     3%          1
 Shock                    Conj/Air       80%        1d8       3%          1
 Conjure Flame            Conj/Fire      20%        6-21      12%         3
 Gell's Gravitas          Tloc           10%        N/A       12%         3
 Ignite Poison            Fire/Tmut/Pois 20%        N/A       12%         3
 Inner Flame              Hex/Fire       20%        N/A       12%         3
 Lesser Beckoning         Tloc           10%        N/A       12%         3
 Mephitic Cloud           Conj/Pois/Air  20%        N/A       12%         3
 Stone Arrow              Conj/Erth      40%        3d9       12%         3
 Swiftness                Air            20%        N/A       12%         3
 Teleport Other           Tloc           20%        N/A       12%         3
 Airstrike                Air            10%        N/A       36%         4
 Animate Armour           Summ/Erth      40%        N/A       36%         4
 Bolt of Magma            Conj/Fire/Erth 10%        4d7       71%         5
 Lehudib's Crystal Spear  Conj/Erth      10%        10d4      100%        8


Dungeon Overview and Level Annotations

Branches:
Dungeon (8/15)             Temple (1/1) D:6         Ossuary (visited)
   Lair: D:8-11

Altars:
Cheibriados
Dithmenos
Gozag
Hepliaklqana
Kikubaaqudgha
Makhleb
Okawaru
Qazlal
Ru
Trog
Uskayaw
Vehumet
Wu Jian
Xom
Yredelemnul
Zin
The Shining One


Innate Abilities, Weirdness & Mutations

You have very sharp teeth.
Your uncanny sense of smell can sniff out nearby items.
Your experience applies equally to all skills.


Message History

You block the skeletal warrior's attack.
You climb upwards.
Reactivating autopickup.
There is a stone staircase leading down here.
You can feel time thicken for a moment.
You kill the water moccasin!
Cheibriados thoroughly appreciates the change of pace.
You can no longer inflict damage on those overly hasty.
Cheibriados lowers the support of your attributes as your movement quickens.
You block the skeletal warrior's attack.
Okay, then.
Your +0 whip of venom stops dripping with poison.
Your +0 flail of holy wrath softly glows with a divine radiance!
b - a +0 flail of holy wrath (weapon)
You closely miss the skeletal warrior. Your bite misses the skeletal warrior.
The skeletal warrior is moderately damaged.
The skeletal warrior barely misses you.
Your shield prevents you from hitting the skeletal warrior.
The skeletal warrior is moderately damaged.
The skeletal warrior hits you with a +0 scimitar!
* * * LOW HITPOINT WARNING * * *
You thump the skeletal warrior!
The skeletal warrior convulses!
The skeletal warrior is heavily damaged.
The skeletal warrior hits you with a +0 scimitar.
* * * LOW HITPOINT WARNING * * *
You block the skeletal warrior's attack.
You closely miss the skeletal warrior.
The skeletal warrior is heavily damaged.
You block the skeletal warrior's attack.
You barely miss the skeletal warrior. Your bite misses the skeletal warrior.
The skeletal warrior is heavily damaged.
The skeletal warrior hits you with a +0 scimitar!
* * * LOW HITPOINT WARNING * * *
You hit the skeletal warrior.
The skeletal warrior convulses.
The skeletal warrior is heavily damaged.
You block the skeletal warrior's attack.
You hit the skeletal warrior but do no damage.
The skeletal warrior is heavily damaged.
The skeletal warrior hits you with a +0 scimitar!
You die...

.............#.#.#.##.#.....#####
..........<....#.#.##.#.#........
............#..#<.....#.#.#######
#######.....#..#.######.#.##.....
#.....##.#..#####.#.##.####
#.....##....#.....#....####
#.....##....#.....#........
#.....###z.#####.##.#..####
####### ##@†.....##....<...
#####..########..##
#..................
#.#..###########...
#.#.............###
#.#...#########.### #.#.......#
#.... #.#######.# #####
#.........#


You could see a skeletal warrior.

Vanquished Creatures
  2 hydras (D:8)
  2 two-headed ogres (D:8)
  A cyclops (D:8)
  Grinder (D:4)
  A slime creature (D:8)
  A wraith (D:8)
  2 steam dragons
  2 humans (D:7)
  A vampire mosquito (D:8)
  5 water moccasins
  2 sky beasts
  2 black bears (D:5)
  An ice beast (D:5)
  2 ogres (D:4)
  5 centaurs
  A kobold brigand (D:8)
  An elf zombie (Ossuary)
  A gnoll sergeant (D:7)
  2 bullfrogs
  A wyvern zombie (D:8)
  2 scorpions
  A wyvern skeleton (D:6)
  2 centaur zombies
  3 human zombies
  2 bullfrog zombies
  3 hounds (D:7)
  2 jellies
  Crazy Yiuf (D:6)
  3 orc priests
  Natasha (thrice) (D:4)
  An iguana (D:5)
  Ijyb (D:3)
  An orc wizard (D:7)
  A scorpion zombie (D:5)
  A killer bee zombie (D:8)
  2 hound zombies (Ossuary)
  A howler monkey zombie (D:7)
  4 mummies (Ossuary)
  5 gnolls (D:7)
  9 adders
  2 white imps
  An ufetubus (D:5)
  An adder zombie (Ossuary)
  An adder skeleton (D:5)
  3 worms (D:3)
  2 dart slugs
  22 orcs
  4 ball pythons
  8 endoplasms
  3 giant cockroaches
  4 goblins
  13 hobgoblins
  6 jackals
  3 quokkas
  5 bats
  3 frilled lizards
  3 gnoll zombies
  A goblin zombie (Ossuary)
  A jackal zombie (Ossuary)
  10 kobolds
  2 kobold zombies
  6 rats
  A rat zombie (Ossuary)
189 creatures vanquished.

Vanquished Creatures (others)
  A howler monkey (D:8)
1 creature vanquished.

Grand Total: 190 creatures vanquished

Notes
Turn   | Place    | Note
-------+----------+-------------------------------------------
     0 | D:1      | Rickety the Gnoll Fighter began the quest for the Orb.
     0 | D:1      | Reached XP level 1. HP: 23/23 MP: 1/1
   162 | D:1      | Reached XP level 2. HP: 27/29 MP: 2/2
   220 | D:1      | Found a faded altar of an unknown god.
   549 | D:1      | Reached XP level 3. HP: 31/35 MP: 3/3
  1452 | D:2      | Reached skill level 1 in Invocations
  1596 | D:2      | Reached skill level 1 in Short Blades
  1596 | D:2      | Reached skill level 1 in Long Blades
  1596 | D:2      | Reached skill level 1 in Axes
  1596 | D:2      | Reached skill level 1 in Polearms
  1596 | D:2      | Reached skill level 1 in Staves
  1596 | D:2      | Reached skill level 1 in Slings
  1596 | D:2      | Reached skill level 1 in Bows
  1596 | D:2      | Reached skill level 1 in Crossbows
  1596 | D:2      | Reached skill level 1 in Throwing
  1596 | D:2      | Reached skill level 1 in Dodging
  1596 | D:2      | Reached skill level 1 in Stealth
  1596 | D:2      | Reached skill level 1 in Unarmed Combat
  1596 | D:2      | Reached skill level 1 in Spellcasting
  1596 | D:2      | Reached skill level 1 in Evocations
  1607 | D:2      | Reached XP level 4. HP: 15/41 MP: 5/5
  2112 | D:2      | Reached skill level 1 in Conjurations
  2112 | D:2      | Reached skill level 1 in Hexes
  2112 | D:2      | Reached skill level 1 in Summonings
  2112 | D:2      | Reached skill level 1 in Necromancy
  2112 | D:2      | Reached skill level 1 in Translocations
  2112 | D:2      | Reached skill level 1 in Transmutations
  2112 | D:2      | Reached skill level 1 in Fire Magic
  2112 | D:2      | Reached skill level 1 in Ice Magic
  2112 | D:2      | Reached skill level 1 in Air Magic
  2112 | D:2      | Reached skill level 1 in Earth Magic
  2112 | D:2      | Reached skill level 1 in Poison Magic
  2232 | D:2      | Found a snail-covered altar of Cheibriados.
  2240 | D:2      | Became a worshipper of Cheibriados the Contemplative
  2663 | D:3      | Reached XP level 5. HP: 47/47 MP: 6/6
  2706 | D:3      | Noticed Ijyb
  2721 | D:3      | Killed Ijyb
  4043 | D:4      | Reached * piety under Cheibriados
  4081 | D:4      | Noticed Grinder
  4090 | D:4      | Paralysed by Grinder for 7 turns
  4811 | D:3      | Reached XP level 6. HP: 20/53 MP: 8/8
  5039 | D:4      | Noticed a sky beast
  5051 | D:4      | Killed a sky beast
  5052 | D:4      | Reached skill level 5 in Maces & Flails
  5142 | D:4      | Reached XP level 7. HP: 20/59 MP: 6/10
  5145 | D:4      | Noticed Natasha
  5475 | D:4      | Killed Natasha
  5591 | D:4      | Noticed Natasha
  5594 | D:4      | Killed Natasha
  5598 | D:4      | Noticed Natasha
  5608 | D:4      | Killed Natasha
  5893 | D:4      | Paralysed by Grinder for 4 turns
  5902 | D:4      | Paralysed by Grinder for 5 turns
  5918 | D:4      | Killed Grinder
  6303 | D:5      | Entered Level 5 of the Dungeon
  6472 | D:5      | Found a glowing golden altar of the Shining One.
  6472 | D:5      | Found an opulent altar of Gozag.
  6473 | D:5      | Found an ancient bone altar of Kikubaaqudgha.
  6497 | D:5      | Reached XP level 8. HP: 67/67 MP: 12/12
  7149 | D:5      | Found a shadowy altar of Dithmenos.
  7149 | D:5      | Found a sacrificial altar of Ru.
  7320 | D:5      | Reached ** piety under Cheibriados
  7401 | D:6      | Found a burning altar of Makhleb.
  7705 | D:6      | Found a staircase to the Ecumenical Temple.
  7898 | D:6      | Found a runed translucent door.
  7899 | D:6      | Noticed Crazy Yiuf
  8287 | D:6      | Killed Crazy Yiuf
  8349 | Temple   | Entered the Ecumenical Temple
  8494 | D:7      | Reached XP level 9. HP: 65/72 MP: 14/14
  8910 | D:7      | Found a sand-covered staircase.
  8917 | Ossuary  | Entered an ossuary
  8956 | Ossuary  | Reached *** piety under Cheibriados
  9930 | D:7      | Found an iron altar of Okawaru.
 10058 | D:7      | Found a hazy altar of Hepliaklqana.
 10274 | D:8      | Noticed a two-headed ogre
 10374 | D:7      | Reached skill level 5 in Invocations
 10511 | D:8      | Reached XP level 10. HP: 80/80 MP: 17/17
 10600 | D:8      | Reached skill level 5 in Short Blades
 10600 | D:8      | Reached skill level 5 in Long Blades
 10600 | D:8      | Reached skill level 5 in Axes
 10600 | D:8      | Reached skill level 5 in Polearms
 10600 | D:8      | Reached skill level 5 in Staves
 10600 | D:8      | Reached skill level 5 in Slings
 10600 | D:8      | Reached skill level 5 in Bows
 10600 | D:8      | Reached skill level 5 in Crossbows
 10600 | D:8      | Reached skill level 5 in Throwing
 10600 | D:8      | Reached skill level 5 in Dodging
 10600 | D:8      | Reached skill level 5 in Stealth
 10600 | D:8      | Reached skill level 5 in Unarmed Combat
 10600 | D:8      | Reached skill level 5 in Spellcasting
 10600 | D:8      | Reached skill level 5 in Evocations
 10636 | D:8      | Noticed an eight-headed hydra
 10636 | D:8      | Noticed a cyclops
 10636 | D:8      | Noticed a centaur warrior
 10639 | D:8      | Reached **** piety under Cheibriados
 10669 | D:8      | Killed a cyclops
 10810 | D:8      | Noticed a tengu warrior
 10810 | D:8      | Noticed a skeletal warrior
 10810 | D:8      | Noticed a four-headed hydra
 10853 | D:8      | Noticed a two-headed ogre
 10870 | D:8      | Killed a two-headed ogre
 11099 | D:8      | Killed a two-headed ogre
 11127 | D:8      | Killed a one-headed hydra
 11128 | D:8      | Reached XP level 11. HP: 37/87 MP: 19/19
 11134 | D:8      | Killed a three-headed hydra
 11168 | D:7      | Mangled by a skeletal warrior

Illustrated notes

Levels and vault maps discovered:
D:1:      dpeg_chamrin_arrival_tetris, layout_loops_ring,
          ebering_ecumenical_altar_hall
D:2:      wad_river_or_something, layout_basic, basic_altar,
          minmay_misc_feat_secret_circle, minmay_liquid_box
D:3:      layout_loops_corners, patterned_corridor, uniq_ijyb
D:4:      layout_loops_ring, uniq_grinder, uniq_natasha
D:5:      layout_loops_ring, gammafunk_temple_overflow_elements,
          gammafunk_temple_overflow_claw
D:6:      layout_gridville, mainiacjoe_overflow_cross_hatched,
          minmay_temple_entry_junction, uniq_crazy_yiuf_cottage
D:7:      layout_basic, general_overflow_altar, okawaru_humans, enter_ossuary_3,
          bh_walls_and_bars
D:8:      minmay_the_grid_octo_triangle [minmay_the_grid_octo_fan_narrow,
          minmay_the_grid_octo_prize_square_snowflake,
          minmay_the_grid_octo_horde], layout_loops_ring,
          evilmike_ruin_ashenzari, mainiacjoe_overflow_six_doors_small,
          lair_entry_dummy, hellmonk_bongcloud_opening,
          grunt_decor_mini_mirrors, st_stairs_7
Temple:   nicolae_temple_figure_zero

Skill      XL: |  1  2  3  4  5  6  7  8  9 10 11 |
---------------+----------------------------------+-----
Invocations    | 1 2 3 4 5 6 |  6.5
Short Blades   | 1 2 3 4 5 6 |  6.0
Long Blades    | 1 2 3 4 5 6 |  6.0
Axes           | 1 2 3 4 5 6 |  6.0
Polearms       | 1 2 3 4 5 6 |  6.0
Staves         | 1 2 3 4 5 6 |  6.0
Slings         | 1 2 3 4 5 6 |  6.0
Bows           | 1 2 3 4 5 6 |  6.0
Crossbows      | 1 2 3 4 5 6 |  6.0
Throwing       | 1 2 3 4 5 6 |  6.0
Dodging        | 1 2 3 4 5 6 |  6.0
Stealth        | 1 2 3 4 5 6 |  6.0
Unarmed Combat | 1 2 3 4 5 6 |  6.0
Spellcasting   | 1 2 3 4 5 6 |  6.0
Evocations     | 1 2 3 4 5 6 |  6.0
Conjurations   | 1 2 3 4 |  4.9
Hexes          | 1 2 3 4 |  4.9
Summonings     | 1 2 3 4 |  4.9
Necromancy     | 1 2 3 4 |  4.9
Translocations | 1 2 3 4 |  4.9
Transmutations | 1 2 3 4 |  4.9
Fire Magic     | 1 2 3 4 |  4.9
Ice Magic      | 1 2 3 4 |  4.9
Air Magic      | 1 2 3 4 |  4.9
Earth Magic    | 1 2 3 4 |  4.9
Poison Magic   | 1 2 3 4 |  4.9
Maces & Flails | 5 6 7 |  7.6
Fighting       | 7 8 9 |  9.0
Armour         | 7 8 9 |  9.0
Shields        | 7 8 9 |  9.0

Action                   |  1- 3 |  4- 6 |  7- 9 | 10-12 || total
-------------------------+-------+-------+-------+-------++-------
Melee: Flail             |   129 |   218 |   152 |    11 ||   510
       Bite              |     7 |    26 |    77 |    21 ||   131
       Whip              |       |       |   279 |    89 ||   368
       Hand axe          |       |       |       |    11 ||    11
Throw: Stone             |       |     1 |     4 |       ||     5
       Boomerang         |       |       |     2 |       ||     2
Invok: Bend Time         |       |     1 |     2 |       ||     3
       Slouch            |       |       |       |     1 ||     1
  Use: Potion            |       |     1 |       |     3 ||     4
       Scroll            |       |       |    13 |       ||    13
 Stab: Sleeping          |       |       |       |     2 ||     2
Armor: Scale mail        |    58 |    11 |       |       ||    69
       Chain mail        |       |    95 |   205 |       ||   300
       Steam dragon scal |       |       |     8 |    29 ||    37
Dodge: Dodged            |    27 |    69 |   139 |    55 ||   290
Block: Kite shield       |    68 |   116 |   459 |   134 ||   777
       Reflection        |       |       |    13 |     5 ||    18
